 Dungeon Crawl Stone Soup version 0.19-a0-1875-g4fea3da (webtiles) character file.

17 Amnesiac the Magician (level 2, -1/17 HPs)
             Began as a Halfling Wizard on Oct 13, 2016.
             Slain by a hound (4 damage)
             ... on level 4 of the Dungeon.
             The game lasted 00:03:43 (992 turns).

Amnesiac the Magician (Halfling Wizard)              Turns: 992, Time: 00:03:44

Health: -1/17      AC:  2    Str:  8    XL:     2   Next: 80%
Magic:  1/5        EV: 15    Int: 16    God:
Gold:   36         SH:  0    Dex: 12    Spells: 3 memorised, 1 level left

rFire  . . .     SeeInvis .     f - +0 dagger
rCold  . . .     Gourm    .     a - +0 robe
rNeg   . . .     Faith    .     (shield restricted)
rPois  .         Spirit   .     b - +0 hat
rElec  .         Dismiss  .     (no cloak)
rCorr  .         Reflect  .     (no gloves)
MR     .....     Harm     .     (no boots)
Stlth  ++........               (no amulet)
                                (no ring)
                                e - +1 ring of evasion

@: repel missiles
A: mutation resistance 1
a: no special abilities


You were on level 4 of the Dungeon.
You were not hungry.

You visited 1 branch of the dungeon, and saw 4 of its levels.

You collected 36 gold pieces.

Inventory:

Hand Weapons
 f - a +0 dagger (weapon)
Armour
 a - a +0 robe (worn)
 b - a +0 hat (worn)
Jewellery
 e - a +1 ring of evasion (left hand)
Scrolls
 g - a scroll of identify
Books
 c - a book of Minor Magic

   Spells                             Type                      Level
   a - Magic Dart                     Conjuration                  1
   b - Blink                          Translocation                2
   c - Call Imp                       Summoning                    2
   d - Repel Missiles                 Charms/Air                   2
   e - Slow                           Hexes                        2
   f - Conjure Flame                  Conjuration/Fire             3
   g - Mephitic Cloud                 Conjuration/Poison/Air       3
Comestibles
 d - a bread ration
 i - a meat ration


   Skills:
 + Level 1.4 Short Blades
 - Level 2.1 Dodging
 - Level 2.1 Stealth
 - Level 2.5 Spellcasting
 - Level 1.0 Conjurations
 - Level 0.7 Summonings
   Level 1.1 Translocations
 - Level 1.1 Air Magic


You had one spell level left.
You knew the following spells:

 Your Spells              Type           Power        Failure   Level  Hunger
a - Repel Missiles        Chrm/Air       #.....       24%         2    ##.....
d - Call Imp              Summ           #.......     24%         2    ##.....
f - Magic Dart            Conj           #...         14%         1    #......


Dungeon Overview and Level Annotations

Branches:
Dungeon (4/15)
 Temple: D:4-7

Altars:
Elyvilon
Okawaru
Qazlal
Yredelemnul

Annotations:
D:2 Ijyb


Innate Abilities, Weirdness & Mutations

You are small and have problems with some larger weapons.
You are somewhat resistant to further mutation.


Message History

The hound closely misses your crimson imp.
The phantom hits your crimson imp but does no damage.
The hound bites your crimson imp.
Your crimson imp hits the hound but does no damage.
The hound bites your crimson imp.
The jackal bites your crimson imp but does no damage.
Your crimson imp barely misses the hound.
The phantom blinks!
Your crimson imp barely misses the hound.
Something bites your crimson imp.
Your crimson imp dies!
The jackal misses something.
The jackal closely misses your crimson imp.
The jackal bites your crimson imp. Something bites your crimson imp.
Your crimson imp barely misses the jackal.
The jackal bites your crimson imp.
Okay, then.
You aren't carrying any potions.
The jackal misses your crimson imp.
The phantom blinks!
The hound bites you.
You die...

.8.8.#.#.8.8.##.#......h..
#.).##.##...###.#..####..
#####...##### #.##.##
#......# #.##..###.......h.
#..÷...####...#...#.........
#.............§.#.#......h..
#..............5h.#.........
#......)W......#..#....h....
####........@h.#h.#....!....
#...........#..#.........
#...........##.#.........
#...........<#.#.........
#.......<....#...........
#............#...........
#........................
#...........###..........
............# ##.........


You could see a phantom, a hound, a jackal and a friendly crimson imp.

Vanquished Creatures
  A leopard gecko (D:4)
  3 goblins (D:1)
  A jackal (D:4)
  A bat (D:3)
  3 kobolds
  3 rats
12 creatures vanquished.

Vanquished Creatures (collateral kills)
  An adder (D:4)
1 creature vanquished.

Grand Total: 13 creatures vanquished

Notes
Turn   | Place    | Note
-------+----------+-------------------------------------------
     0 | D:1      | Amnesiac the Halfling Wizard began the quest for the Orb.
     0 | D:1      | Reached XP level 1. HP: 11/11 MP: 3/3
    90 | D:1      | Reached skill level 1 in Conjurations
   133 | D:2      | Noticed Ijyb
   342 | D:1      | Reached skill level 1 in Short Blades
   342 | D:1      | Reached XP level 2. HP: 17/17 MP: 5/5
   346 | D:1      | Learned a level 2 spell: Repel Missiles
   476 | D:4      | Found a stormy altar of Qazlal.
   479 | D:4      | Found a white marble altar of Elyvilon.
   482 | D:4      | Found an iron altar of Okawaru.
   485 | D:4      | Found a basalt altar of Yredelemnul.
   499 | D:4      | Learned a level 2 spell: Call Imp
   625 | D:4      | Reached skill level 1 in Air Magic
   977 | D:4      | Noticed a phantom
   992 | D:4      | Slain by a hound

Vault maps used:
D:1:      onia_arrival_pentagram, st_stairs_6
D:2:      marbit_many_paths, first_bread, ecumenical_altar_2, bloody_trog,
          uniq_iyjb
D:3:      cheibriados_altar_1, lemuel_old_faithful, uniq_terence
D:4:      grunt_temple_overflow_cloverleaf, serial_curves, eino_curves_01,
          eino_curves_04, serial_shops, shop_statue, uniq_pikel

Skill      XL: |  1  2 |
---------------+-------+-----
Conjurations   | 1 |  1.0
Short Blades   | 1 |  1.4
Air Magic      | 1 |  1.1
Dodging        | |  2.1
Stealth        | |  2.1
Spellcasting   | |  2.5
Summonings     | |  0.7
Translocations | |  1.1

Action                   || total
-------------------------++-------
Melee: Dagger            ||    29
       Unarmed           ||     1
 Cast: Magic Dart        ||    19
       Call Imp          ||     5
       Repel Missiles    ||     1
  Use: Scroll            ||     3
       Potion            ||     1
 Stab: Sleeping          ||     1
  Eat: Chunk             ||     1
Armor: Robe              ||    17
Dodge: Dodged            ||    54
